 Dungeon Crawl Stone Soup version 0.28-a0-1117-g0bdd5ba030 (webtiles) character file.

Game seed: 18346120939834234681

721 ducksouse the Conjurer (level 8, -12/52 HPs)
             Began as a Human Conjurer on Dec 11, 2021.
             Killed from afar by Ijyb (21 damage)
             ... with a bolt of acid
             ... on level 5 of the Dungeon.
             The game lasted 00:25:41 (6723 turns).

ducksouse the Conjurer (Human Conjurer)             Turns: 6723, Time: 00:25:42

Health: -12/52     AC:  6    Str:  7    XL:     8   Next: 2%
Magic:  13/14      EV: 12    Int: 20    God:
Gold:   260        SH:  0    Dex: 13    Spells: 4/15 levels left

rFire   + . .      SeeInvis .   l - staff of fire
rCold   . . .      Faith    .   (no shield)
rNeg    + . .      Spirit   .   u - +1 leather armour {rN+}
rPois   .          Reflect  .   k - +2 hat
rElec   .          Harm     .   j - +0 cloak
rCorr   .          Rampage  .   e - +1 pair of gloves
Will    .....                   f - +0 pair of boots
Stlth   +++.......              g - amulet of regeneration
HPRegen 0.97/turn               (no ring)
MPRegen 0.14/turn               (no ring)

@: mighty, corroded
A: no striking features
a: no special abilities


You were on level 5 of the Dungeon.
You visited 1 branch of the dungeon, and saw 5 of its levels.

You collected 260 gold pieces.

Inventory:

Hand Weapons
 c - a +0 short sword of freezing
 n - a +0 whip
 t - a +5 falchion of protection
Missiles
 m - 3 atropa-tipped darts
Armour
 a - a +0 robe
 e - a +1 pair of gloves (worn)
 f - a +0 pair of boots (worn)
 j - a +0 cloak (worn)
 k - a +2 hat (worn)
 u - a +1 leather armour of positive energy (worn)
Magical Staves
 l - a staff of fire (weapon)
Jewellery
 g - an amulet of regeneration (around neck)
 w - a ring of resist corrosion
Scrolls
 b - 4 scrolls of identify
 d - 3 scrolls of fog
 o - a scroll of magic mapping
 q - a scroll of teleportation
 s - a scroll of enchant armour {unknown}
 x - a scroll of blinking {unknown}
Potions
 i - 5 potions of attraction
 p - a potion of cancellation {unknown}
 r - a potion of heal wounds {unknown}
 v - a potion of lignification {unknown}


   Skills:
 + Level 4.5 Dodging
 + Level 4.8 Stealth
 + Level 4.1 Spellcasting
 + Level 5.7 Conjurations


You had 4 spell levels left.
You knew the following spells:

 Your Spells              Type           Power      Damage    Failure   Level
a - Magic Dart            Conj           100%       1d8       1%          1
b - Searing Ray           Conj           54%        2d6       2%          2
c - Dazzling Flash        Conj/Hex       30%        N/A       17%         3
d - Slow                  Hex            16%        N/A       19%         1
e - Fulminant Prism       Conj/Hex       7%         3d7       50%         4

Your spell library contained the following spells:

 Spells                   Type           Power      Damage    Failure   Level
 Corpse Rot               Necr/Air       8%         N/A       28%         2
 Ensorcelled Hibernation  Hex/Ice        8%         N/A       28%         2
 Confusing Touch          Hex            4%         N/A       50%         3
 Tukima's Dance           Hex            4%         N/A       50%         3
 Vampiric Draining        Necr           4%         2d6       50%         3
 Iskenderun's Mystic Bla  Conj/Tloc      15%        2d5       50%         4
 Dispel Undead            Necr           4%         3d7       88%         4
 Death Channel            Necr           2%         N/A       100%        6


Dungeon Overview and Level Annotations

Branches:
Dungeon (5/15)
 Temple: D:4-7

Altars:

Annotations:
D:5 Ijyb


Message History

You now have 260 gold pieces (gained 17).
Things that are here:
a +0 short sword; an orc corpse You see here a +0 dagger.
Found a book of Maledictions.
Found an escape hatch in the floor.
You see here a +0 chain mail.
Your magical contamination has completely faded away.
You pick up a book of Maledictions and begin reading...
You add the spells Ensorcelled Hibernation and Tukima's Dance to your library.
Found 25 arrows.
Magic restored.
Found an escape hatch in the ceiling.
Found a stone staircase leading down.
x - a scroll labelled RIMEOL MAUMAA
i - 5 potions of attraction (gained 1) Ijyb and a skeleton come into view.
Ijyb is wielding a +0 dagger and carrying a wand of acid (5).
You can't see any susceptible monsters within range! (Use Z to cast anyway.)
You can't see any susceptible monsters within range! (Use Z to cast anyway.) Ijyb zaps a wand.
The bolt of acid misses you.
The searing ray misses Ijyb. (Press . to maintain the ray.) Ijyb zaps a wand.
The bolt of acid hits you!!
Ouch! That really hurt!
You are too injured to fight recklessly!
Unknown command.
You are too injured to fight recklessly!
You are too injured to fight recklessly!
Unknown command.
You are too injured to fight recklessly!
Ijyb zaps a wand.
The bolt of acid hits you!!
Ouch! That really hurt!
* * * LOW HITPOINT WARNING * * *
The acid corrodes you!
Ijyb zaps a wand.
The bolt of acid misses you.
It was a potion of might.
You feel very mighty all of a sudden.
Ijyb zaps a wand.
The bolt of acid hits you!!
You die...

............>## #
..............# #
..............# #
..............# #
.........Zg...# #### #
............#.# #..# #
.......######Z####
##..#### .......
#.g..#### ###..#..##
.......
####@...####....#.###
.......
####.##...#.#..#..
.......
<######......##....#..#
.......
........###....(.....##
....... .########
#...##.##.##
#.#.#..##.# ...
#.#.#.###.# ... ...
#.>.#.##..# ... ..##
##..[.....##


You could see Ijyb and a howler monkey skeleton.

Vanquished Creatures
  Eustachio (D:4)
  The ghost of ytrimaz the Insei, an amateur OpTm (D:3)
  An ogre (D:4)
  The ghost of ytrimaz the Insei, an amateur OpTm (D:3)
  A scorpion (D:4)
  A hound (D:5)
  An orc wizard (D:4)
  10 adders
  2 worms (D:2)
  2 dart slugs (D:1)
  4 orcs
  10 ball pythons
  12 endoplasms
  3 giant cockroaches
  7 hobgoblins
  8 jackals
  3 quokkas
  5 bats
  4 frilled lizards
  10 goblins
  5 kobolds
  3 rats
95 creatures vanquished.

Notes
Turn   | Place    | Note
-------+----------+-------------------------------------------
     0 | D:1      | ducksouse the Human Conjurer began the quest for the Orb.
     0 | D:1      | Reached XP level 1. HP: 13/13 MP: 3/3
   658 | D:1      | Reached XP level 2. HP: 19/19 MP: 0/5
  1182 | D:1      | Reached XP level 3. HP: 23/24 MP: 2/6
  1796 | D:2      | Reached XP level 4. HP: 30/30 MP: 5/7
  1807 | D:2      | Learned a level 2 spell: Searing Ray
  2736 | D:2      | Found a faded altar of an unknown god.
  2930 | D:2      | Reached XP level 5. HP: 35/35 MP: 5/9
  3818 | D:3      | Found a runed translucent gate.
  3818 | D:3      | Found a runed translucent gate.
  3818 | D:3      | Found a runed translucent gate.
  3820 | D:3      | Noticed ytrimaz's ghost (amateur OpTm)
  3820 | D:3      | Noticed ytrimaz's ghost (amateur OpTm)
  4531 | D:3      | Killed ytrimaz's ghost
  4532 | D:3      | Reached skill level 5 in Conjurations
  4532 | D:3      | Reached XP level 6. HP: 41/41 MP: 0/10
  4567 | D:3      | Killed ytrimaz's ghost
  4705 | D:3      | Learned a level 3 spell: Dazzling Flash
  4707 | D:3      | Learned a level 1 spell: Slow
  5151 | D:4      | Reached XP level 7. HP: 32/46 MP: 4/12
  5626 | D:4      | Noticed Eustachio
  5771 | D:3      | Learned a level 4 spell: Fulminant Prism
  5831 | D:4      | Killed Eustachio
  6275 | D:5      | Entered Level 5 of the Dungeon
  6275 | D:5      | Noticed Ijyb
  6488 | D:5      | Reached XP level 8. HP: 52/52 MP: 9/14
  6715 | D:5      | HP: 1/52 [Ijyb/bolt of acid (27)]
  6723 | D:5      | Killed from afar by Ijyb

Illustrated notes

Levels and vault maps discovered:
D:1:      lightli_arrival_statue_moat, layout_basic
D:2:      layout_loops_ring, ebering_ecumenical_altar_hall
D:3:      layout_loops_corners, gammafunk_ghost_cemetery
D:4:      layout_basic, lightli_ossuary_entry_decrepit_ruins, uniq_eustachio
D:5:      layout_rooms, uniq_ijyb

Skill      XL: |  1  2  3  4  5  6  7 |
---------------+----------------------+-----
Stealth        | 3 4 |  4.8
Dodging        | 3 4 |  4.5
Spellcasting   | 3 4 |  4.1
Conjurations   | 5 |  5.7

Action                   |  1- 3 |  4- 6 |  7- 9 || total
-------------------------+-------+-------+-------++-------
Melee: Unarmed           |    23 |       |       ||    23
       Short sword       |    24 |    20 |       ||    44
       Staff             |       |    44 |    69 ||   113
Throw: Boomerang         |    25 |       |       ||    25
 Cast: Magic Dart        |    40 |    27 |    20 ||    87
       Searing Ray       |       |    56 |    17 ||    73
       Slow              |       |       |     6 ||     6
       Dazzling Flash    |       |       |     4 ||     4
Evoke: Wand              |       |       |     7 ||     7
  Use: Scroll            |       |     1 |     4 ||     5
       Potion            |       |       |     1 ||     1
 Stab: Sleeping          |     1 |       |       ||     1
Armor: Robe              |    44 |    30 |    24 ||    98
       Leather armour    |       |       |    30 ||    30
Dodge: Dodged            |    82 |    56 |    92 ||   230

Table legend: (Time is in decaauts)
 A = Elapsed time spent in this place.
 B = Non-inter-level travel time spent in this place.
 C = Inter-level travel time spent in this place.
 D = Time resting spent in this place.
 E = Time spent auto-exploring this place.
 F = Levels seen in this place.
 G = Mean time per level.
                   A        B        C        D        E       F      G
               +--------+--------+--------+--------+--------+-----+--------+
         Total |   6759 |   6759 |      0 |    535 |   3883 |   5 | 1351.8 |
       Dungeon |   6759 |   6759 |      0 |    535 |   3883 |   5 | 1351.8 |
               +--------+--------+--------+--------+--------+-----+--------+

Top non-repeatable levels by time:
     D:3: 1830 daAuts
     D:1: 1668 daAuts
     D:4: 1560 daAuts
     D:2: 1389 daAuts
     D:5: 310 daAuts
